[Event "ICC tourney 2966 (30 10)"]
[Site "Internet Chess Club"]
[Date "2022.07.23"]
[Round "2"]
[White "LAUSER, JESSICA T:Shakhmatova"]
[Black "WENG, JOHNSON:K01-30136161"]
[Result "0-1"]
[ICCResult "White resigns"]
[WhiteElo "1532"]
[BlackElo "1226"]
[Opening "Sicilian defense"]
[ECO "B20"]
[NIC "SI.48"]
[Time "14:00:48"]
[PlyCount "176"]
[TimeControl "1800+10"]

1. e4 c5 2. d3 Nc6 3. c3 e5 4. f4 exf4 5. Bxf4 Nf6 6. Nf3 d6 7. h3 h6 8.
Nbd2 Be6 9. Qc2 Rc8 10. Be2 Be7 11. O-O O-O 12. Rad1 Qb6 13. Be3 Qc7 14. a3
b6 15. d4 cxd4 16. Nxd4 Nxd4 17. Bxd4 Rfd8 18. Rf3 d5 19. Rdf1 dxe4 20. Rxf6
Bxf6 21. Bxf6 Qc5+ 22. Kh1 gxf6 23. Nxe4 Qe5 24. Nxf6+ Kf8 25. Ba6 Rc7 26.
Qh7 Qg5 27. Qe4 Qg7 28. Nh5 Qg5 29. Be2 Bd5 30. Qb4+ Re7 31. Nf4 Kg8 32.
Nxd5 Rxe2 33. Nf4 Re7 34. Rf3 Rd1+ 35. Kh2 Ree1 36. g4 Qc5 37. Qxc5 bxc5 38.
Kg3 Rg1+ 39. Kh4 Rdf1 40. Rxf1 Rxf1 41. Nh5 Rb1 42. b4 cxb4 43. axb4 Rc1 44.
Nf6+ Kh8 45. Ne4 Kg7 46. Kh5 Re1 47. Ng3 Rg1 48. Nf5+ Kf8 49. c4 Rc1 50. Nd6
Ke7 51. c5 Rb1 52. Nc8+ Kd7 53. Nxa7 Kc7 54. b5 Kb7 55. b6 Rc1 56. c6+ Kxb6
57. Nc8+ Kxc6 58. Ne7+ Kd7 59. Nf5 Rc3 60. h4 Ke6 61. Kxh6 Rc4 62. Ng7+ Kf6
63. g5+ Ke5 64. Kh5 Rc8 65. Kg4 Rg8 66. Nh5 f5+ 67. Kf3 Rh8 68. g6 Ke6 69.
Nf4+ Kf6 70. h5 Rg8 71. Nd5+ Kg5 72. Nf4 Rh8 73. g7 Rg8 74. Ne6+ Kxh5 75.
Kf4 Kg6 76. Ke5 Re8 77. Kd6 Kf7 78. Nd4 f4 79. Nf5 f3 80. Nh6+ Kxg7 81. Ng4
Kg6 82. Kd7 Rf8 83. Nf2 Kg5 84. Ke7 Rf5 85. Ke6 Ra5 86. Nh3+ Kg4 87. Nf2+
Kg3 88. Ne4+ Kg2 {White resigns} 0-1

[Event "ICC tourney 2966 (30 10)"]
[Site "Internet Chess Club"]
[Date "2022.07.23"]
[Round "3"]
[White "Anh, Phuc:Phucanhfananime"]
[Black "SULTAN, BASHIR Cisse:muzikmixer"]
[Result "1-0"]
[ICCResult "Black resigns"]
[WhiteElo "1712"]
[BlackElo "1545"]
[Opening "Queen's pawn"]
[ECO "A40"]
[NIC "QO.17"]
[Time "16:00:18"]
[PlyCount "53"]
[TimeControl "1800+10"]

1. d4 f6 2. Bf4 d5 3. e3 Be6 4. h3 Bf7 5. Nf3 e6 6. c4 Bd6 7. Qa4+ Nc6 8.
cxd5 exd5 9. Bxd6 Qxd6 10. Nc3 Qb4 11. Bb5 Qxa4 12. Nxa4 Ne7 13. Nc5 O-O 14.
O-O Be8 15. Ne6 Ne5 16. Bxe8 Nxf3+ 17. gxf3 Rfxe8 18. Nxc7 Nf5 19. Nxa8 Rxa8
20. Rfc1 Nh4 21. f4 Kh8 22. Rc7 Rg8 23. Rac1 g5 24. Rc8 gxf4+ 25. Rxg8+ Kxg8
26. Rc8+ Kg7 27. Rc7+ {Black resigns} 1-0

[Event "ICC tourney 2966 (30 10)"]
[Site "Internet Chess Club"]
[Date "2022.07.23"]
[Round "3"]
[White "Wagner, Joe:Jwagner354"]
[Black "LAUSER, JESSICA T:Shakhmatova"]
[Result "1-0"]
[ICCResult "Black resigns"]
[WhiteElo "706"]
[BlackElo "1532"]
[Opening "King's Indian, 3.Nf3"]
[ECO "E60"]
[NIC "KI.80"]
[Time "16:00:51"]
[PlyCount "73"]
[TimeControl "1800+10"]

1. d4 Nf6 2. c4 g6 3. Nf3 Bg7 4. g3 c6 5. Bg2 d6 6. O-O Qc7 7. Nc3 Nbd7 8.
a3 a5 9. Bg5 O-O 10. e4 e5 11. d5 h6 12. Bxf6 Bxf6 13. Re1 Bg7 14. Bh3 f5
15. Nh4 Rf6 16. dxc6 bxc6 17. Nd5 Qd8 18. Nxf6+ Qxf6 19. exf5 Nf8 20. b4
axb4 21. axb4 Rxa1 22. Qxa1 gxf5 23. b5 d5 24. cxd5 cxd5 25. Rc1 Bd7 26. b6
Qxb6 27. Bxf5 e4 28. Qb1 Qf6 29. Bxd7 Nxd7 30. Rc8+ Kh7 31. Rc7 Ne5 32. Qb7
Nf3+ 33. Nxf3 Qa1+ 34. Ne1 Qxe1+ 35. Kg2 Qa1 36. Qxd5 e3 37. Qf5+
{Black resigns}
1-0

[Event "ICC tourney 2966 (30 10)"]
[Site "Internet Chess Club"]
[Date "2022.07.23"]
[Round "3"]
[White "SHAH-GUSTAFSSON, LINNEA:Saga44"]
[Black "McRoberts, Holly J:QueenHM"]
[Result "1-0"]
[ICCResult "Black checkmated"]
[WhiteElo "1067"]
[BlackElo "1355"]
[Opening "Sicilian: dragon, Yugoslav attack, Rauser variation"]
[ECO "B76"]
[NIC "SI.17"]
[Time "16:00:15"]
[PlyCount "111"]
[TimeControl "1800+10"]

1. e4 c5 2. Nf3 d6 3. d4 cxd4 4. Nxd4 Nf6 5. Nc3 g6 6. f3 Bg7 7. Be3 O-O 8.
Qd2 Nc6 9. O-O-O Be6 10. Kb1 Rc8 11. g4 h5 12. h3 Nb4 13. Nxe6 fxe6 14. Rg1
Qa5 15. a3 Rxc3 16. axb4 Qxb4 17. Qxc3 Qxc3 18. bxc3 hxg4 19. hxg4 Nd7 20.
Be2 Bxc3 21. Rh1 b5 22. Bd4 Bxd4 23. Rxd4 a6 24. Rh3 Nc5 25. Rd1 Na4 26. Kc1
Nc3 27. Re1 a5 28. Kd2 b4 29. Reh1 Kf7 30. Rh8 a4 31. Rxf8+ Kxf8 32. Rh8+
Kg7 33. Ra8 a3 34. Bc4 d5 35. exd5 exd5 36. Bb3 Kf6 37. f4 g5 38. Ra6+ e6
39. f5 Ne4+ 40. Ke3 Nc5 41. Rb6 Nxb3 42. Rxe6+ Kf7 43. cxb3 a2 44. Ra6 d4+
45. Kxd4 a1=Q+ 46. Rxa1 Kf6 47. Ra6+ Kf7 48. Re6 Kf8 49. Ke5 Kf7 50. Kd6 Kf8
51. Re7 Kg8 52. Ke6 Kf8 53. Ra7 Kg8 54. Kf6 Kh8 55. Kg6 Kg8 56. Ra8#
{Black checkmated}
1-0

[Event "ICC tourney 2966 (30 10)"]
[Site "Internet Chess Club"]
[Date "2022.07.23"]
[Round "3"]
[White "Doan Giang, Nguyen Doan:Doctorstrange04"]
[Black "MALAKAR, SAARTHAK:iamvoltu"]
[Result "1-0"]
[ICCResult "Black resigns"]
[WhiteElo "1750"]
[BlackElo "1631"]
[Opening "Caro-Kann: exchange variation"]
[ECO "B13"]
[NIC "CK.02"]
[Time "16:00:18"]
[PlyCount "105"]
[TimeControl "1800+10"]

1. e4 c6 2. d4 d5 3. exd5 cxd5 4. Bd3 Nf6 5. c3 g6 6. Nf3 Bf5 7. Ne5 Bxd3 8.
Nxd3 Nc6 9. O-O Bg7 10. Qe2 O-O 11. Nd2 Re8 12. f4 Qc7 13. Nf3 Ne4 14. Be3
f6 15. Nd2 e5 16. fxe5 fxe5 17. dxe5 Nxe5 18. Nxe4 dxe4 19. Nc5 Qc6 20. Bd4
Nd7 21. Qc4+ Kh8 22. Bxg7+ Kxg7 23. Qf7+ Kh8 24. Nxd7 Qe6 25. Qxe6 Rxe6 26.
Rae1 Kg7 27. Nc5 Rb6 28. b4 Re8 29. Rxe4 Rxe4 30. Nxe4 Ra6 31. Rf2 Re6 32.
Re2 b6 33. Kf2 a5 34. a3 Rc6 35. Ke3 h6 36. Kd4 axb4 37. axb4 Kf7 38. Kd5
Rc7 39. Nd6+ Kf8 40. c4 Ra7 41. Kc6 Ra6 42. Kb5 Ra8 43. Kxb6 Rb8+ 44. Kc5
Rd8 45. b5 g5 46. b6 h5 47. b7 g4 48. Re8+ Rxe8 49. Nxe8 Kxe8 50. b8=Q+ Kd7
51. Qd6+ Kc8 52. Qe7 Kb8 53. Kb6 {Black resigns} 1-0

[Event "ICC tourney 2966 (30 10)"]
[Site "Internet Chess Club"]
[Date "2022.07.23"]
[Round "3"]
[White "WENG, JOHNSON:K01-30136161"]
[Black "BRUDNO, STEPHEN:StevChess01"]
[Result "1/2-1/2"]
[ICCResult "Game drawn by repetition"]
[WhiteElo "1226"]
[BlackElo "1438"]
[Opening "Sicilian: closed"]
[ECO "B24"]
[NIC "SI.44"]
[Time "16:01:44"]
[PlyCount "94"]
[TimeControl "1800+10"]

1. e4 c5 2. Nc3 Nc6 3. g3 g6 4. Bg2 Bg7 5. f4 e6 6. Nf3 Nge7 7. d3 O-O 8.
O-O d5 9. e5 Rb8 10. a4 a6 11. b3 b5 12. axb5 axb5 13. d4 cxd4 14. Nxd4 Nxd4
15. Qxd4 Nc6 16. Qd1 Qb6+ 17. Kh1 Rd8 18. Bb2 Bd7 19. Qd2 Be8 20. Ra2 Nb4
21. Raa1 Bf8 22. Rfd1 Ra8 23. Rxa8 Rxa8 24. Bf1 Bc6 25. Bg2 Na2 26. Ra1 Nxc3
27. Rxa8 Bxa8 28. Qxc3 Qc5 29. Qxc5 Bxc5 30. c3 b4 31. c4 Kf8 32. Bf3 Ke7
33. Kg2 Kd7 34. cxd5 Bxd5 35. Bxd5 exd5 36. Kf3 Ke6 37. h4 h5 38. Ba1 Kf5
39. Bb2 d4 40. Bc1 d3 41. Bd2 Be7 42. Be1 Bf8 43. Bd2 Bc5 44. Be1 Be7 45.
Bd2 Bc5 46. Be1 Bf8 47. Bd2 Bc5 {Game drawn by repetition} 1/2-1/2

[Event "ICC tourney 2966 (30 10)"]
[Site "Internet Chess Club"]
[Date "2022.07.23"]
[Round "3"]
[White "CORBIT, WILL:wcorbit1"]
[Black "Bharathy Mohan, Aarav Sai:aaravbm"]
[Result "0-1"]
[ICCResult "White resigns"]
[WhiteElo "1378"]
[BlackElo "1169"]
[Opening "Caro-Kann: Panov-Botvinnik attack"]
[ECO "B13"]
[NIC "CK.02"]
[Time "16:00:26"]
[PlyCount "64"]
[TimeControl "1800+10"]

1. e4 c6 2. d4 d5 3. exd5 cxd5 4. c4 dxc4 5. Bxc4 Bf5 6. Qb3 e6 7. Qxb7 Nd7
8. Bf4 Ngf6 9. Bc7 Qc8 10. Ba6 Bb4+ 11. Nc3 O-O 12. Qxc8 Raxc8 13. Bxc8 Rxc8
14. Be5 Rxc3 15. Kd1 Rd3+ 16. Ke2 Rd2+ 17. Kf3 Bg4+ 18. Kg3 h5 19. f3 g5 20.
fxg4 Ne4+ 21. Kf3 Nf2 22. Nh3 hxg4+ 23. Ke3 gxh3 24. Rhf1 Ng4+ 25. Ke4 f5+
26. Kf3 Ndxe5+ 27. dxe5 hxg2 28. Rg1 Nxe5+ 29. Kg3 f4+ 30. Kh3 f3 31. Kg3
Bc5 32. Rad1 Bf2+ {White resigns} 0-1

[Event "ICC tourney 2966 (30 10)"]
[Site "Internet Chess Club"]
[Date "2022.07.23"]
[Round "3"]
[White "Agahian, Ryan:AgahianR"]
[Black "Ledas, Armandas:ArmandasLedas"]
[Result "0-1"]
[ICCResult "White checkmated"]
[WhiteElo "1124"]
[BlackElo "1358"]
[Opening "QGD Slav: 4.Nc3"]
[ECO "D15"]
[NIC "SL.03"]
[Time "16:00:13"]
[PlyCount "142"]
[TimeControl "1800+10"]

1. d4 d5 2. c4 c6 3. Nc3 Nf6 4. Nf3 Bf5 5. Qb3 b6 6. cxd5 cxd5 7. Bg5 e6 8.
e3 Be7 9. Nh4 Bg6 10. Nxg6 fxg6 11. Bd3 Nbd7 12. O-O O-O 13. e4 Nxe4 14.
Nxe4 Bxg5 15. Nxg5 Qxg5 16. Bb5 Rad8 17. Qa4 Rf7 18. Bxd7 Rfxd7 19. Rfe1 Qf5
20. Re5 Qf6 21. Rae1 Rf8 22. f3 Re7 23. Qc6 Rfe8 24. R1e3 g5 25. g3 g4 26.
f4 Qf7 27. f5 exf5 28. Rxe7 Rxe7 29. Rxe7 Qxe7 30. Qxd5+ Kf8 31. Qxf5+ Ke8
32. Qc8+ Kf7 33. Qf5+ Ke8 34. Qc8+ Kf7 35. Qc4+ Qe6 36. Qc7+ Kg6 37. Qc2+
Kf6 38. Qd2 Qxa2 39. Qf4+ Ke7 40. Qc7+ Kf6 41. Qe5+ Kf7 42. Qc7+ Kf6 43.
Qd8+ Kf5 44. Qd7+ Qe6 45. Qb5+ Ke4 46. Qe2+ Kd5 47. Qb5+ Kxd4 48. Qb4+ Kd5
49. Qb5+ Kd6 50. Qb4+ Kd7 51. Qa4+ Kd8 52. Qxa7 Qe1+ 53. Kg2 Qe2+ 54. Kg1
Qxb2 55. Qb8+ Ke7 56. Qc7+ Kf6 57. Qf4+ Ke7 58. Qc7+ Ke6 59. Qc6+ Ke5 60.
Qe8+ Kd4 61. Qd7+ Ke3 62. Qe6+ Kd2 63. Qd5+ Kc1 64. Qg5+ Qd2 65. Qxg7 Qe1+
66. Kg2 Qe2+ 67. Kg1 Kd1 68. Qd4+ Ke1 69. Qa1+ Qd1 70. Qc3+ Ke2+ 71. Kg2
Qf1# {White checkmated} 0-1

[Event "ICC tourney 2966 (30 10)"]
[Site "Internet Chess Club"]
[Date "2022.07.23"]
[Round "3"]
[White "Wu, Zhuoyuan:Jake000"]
[Black "Johns, Timothy Wesley:nishanth600"]
[Result "1-0"]
[ICCResult "Black resigns"]
[WhiteElo "1372"]
[BlackElo "647"]
[Opening "Queen's pawn, Mason variation"]
[ECO "D00"]
[NIC "QP.08"]
[Time "16:00:22"]
[PlyCount "103"]
[TimeControl "1800+10"]

1. d4 d5 2. Bf4 Bf5 3. Nf3 Nc6 4. e3 Nf6 5. c4 e6 6. c5 Be7 7. Nc3 a6 8. Bd3
Bxd3 9. Qxd3 O-O 10. a3 Na5 11. Ne5 Nd7 12. Nxd7 Qxd7 13. b4 Nc4 14. a4 c6
15. a5 Bf6 16. O-O-O Rfe8 17. Bg3 e5 18. Rhe1 Re6 19. f4 exd4 20. exd4 Rae8
21. Rxe6 Rxe6 22. Re1 Rxe1+ 23. Bxe1 Qe6 24. Bf2 Qg4 25. g3 Qh3 26. Qe2 Kf8
27. Bg1 Qf5 28. Qc2 Qxc2+ 29. Kxc2 Na3+ 30. Kd3 Nb5 31. Nb1 Ke7 32. Nd2 Ke6
33. Nf3 Kf5 34. h3 h5 35. Be3 Nc7 36. Nh2 Be7 37. g4+ hxg4 38. hxg4+ Ke6 39.
Nf3 f6 40. f5+ Kf7 41. Nh4 Kg8 42. Bf4 Ne8 43. Ng6 Bf8 44. Ke3 Kf7 45. Kf3
Kg8 46. Kg3 Kf7 47. Kh4 Kg8 48. Kh5 Kf7 49. Nh8+ Ke7 50. Kg6 Kd7 51. Kf7 Be7
52. Ng6 {Black resigns} 1-0

[Event "ICC tourney 2966 (30 10)"]
[Site "Internet Chess Club"]
[Date "2022.07.23"]
[Round "3"]
[White "DATTA, GAURAV D:Geebz76"]
[Black "Jiang, Zen:zenjiang"]
[Result "1/2-1/2"]
[ICCResult "Game drawn by mutual agreement"]
[WhiteElo "1317"]
[BlackElo "748"]
[Opening "Réti opening"]
[ECO "A09"]
[NIC "QP.09"]
[Time "16:00:15"]
[PlyCount "157"]
[TimeControl "1800+10"]

1. Nf3 d5 2. c4 Nf6 3. cxd5 Nxd5 4. e4 Nf6 5. Nc3 Nc6 6. d4 Bg4 7. Be3 e6 8.
a3 Be7 9. Be2 O-O 10. O-O Re8 11. h3 Bh5 12. Qd2 Bg6 13. Bd3 Bf8 14. b4 e5
15. d5 Nb8 16. Bc5 Nbd7 17. Bxf8 Kxf8 18. Rfe1 Rc8 19. Nh4 Kg8 20. Nxg6 fxg6
21. Bc4 Kh8 22. Rad1 Nb6 23. Bb3 Qd7 24. f3 Nh5 25. Ne2 Rcd8 26. Qg5 Qd6 27.
Nc3 a6 28. Re2 Nf4 29. Rc2 Qd7 30. Ne2 Nh5 31. Rdc1 Rc8 32. Qg4 Qe7 33. Ng3
Nf4 34. Ne2 Nh5 35. Rc5 Nf6 36. Qg5 Qf7 37. R5c3 h6 38. Qg3 Nh5 39. Qf2 g5
40. d6 Qd7 41. dxc7 Na8 42. Bd5 Rxc7 43. Rxc7 Nxc7 44. Bxb7 Re7 45. Qc5 Ne6
46. Qc8+ Qxc8 47. Rxc8+ Kh7 48. Bd5 Nef4 49. Nxf4 Nxf4 50. Ra8 Nxd5 51. exd5
Rd7 52. Rxa6 Rxd5 53. a4 Rd4 54. b5 Rb4 55. b6 Kg6 56. a5 Kf7 57. Ra7+ Ke6
58. b7 Kd6 59. Ra8 Rxb7 60. a6 Rc7 61. Rb8 Kc6 62. Re8 Ra7 63. Rxe5 Rxa6 64.
Re6+ Kb5 65. Rxa6 Kxa6 66. Kf2 Kb6 67. Ke3 Kc6 68. Ke4 Kd7 69. Kf5 Ke7 70.
Kg6 Kf8 71. g4 Kg8 72. Kf5 Kf7 73. f4 g6+ 74. Ke4 gxf4 75. Kxf4 Kf6 76. h4
g5+ 77. hxg5+ hxg5+ 78. Ke4 Ke6 79. Kf3 {Game drawn by mutual agreement}
1/2-1/2

[Event "ICC tourney 2966 (30 10)"]
[Site "Internet Chess Club"]
[Date "2022.07.23"]
[Round "3"]
[White "Anthony, Joseph:ajk170378"]
[Black "GUTIERREZ, AUGUSTO E:elytito2017"]
[Result "1-0"]
[ICCResult "Black forfeits on time"]
[WhiteElo "1599"]
[BlackElo "1715"]
[Opening "Dutch: classical variation"]
[ECO "A96"]
[NIC "HD.01"]
[Time "16:00:17"]
[PlyCount "99"]
[TimeControl "1800+10"]

1. c4 f5 2. g3 Nf6 3. Bg2 d6 4. d4 e6 5. Nf3 Be7 6. O-O O-O 7. Nc3 Ne4 8.
Qc2 Nxc3 9. Qxc3 Bf6 10. Qd3 Nc6 11. d5 Nb4 12. Qd2 a5 13. a3 Na6 14. Nd4 e5
15. Ne6 Bxe6 16. dxe6 Nc5 17. Qd5 Qe7 18. Be3 c6 19. Qd1 Nxe6 20. Rc1 f4 21.
Bd2 a4 22. Bb4 Rfd8 23. Qc2 Nd4 24. Qd3 Qe6 25. e3 f3 26. exd4 fxg2 27. Rfe1
Qh3 28. dxe5 Bxe5 29. Qe4 Bxb2 30. Rcd1 Qh6 31. Qxg2 Qf6 32. Re3 Be5 33.
Red3 Qf7 34. Qe4 Re8 35. Rf3 Qh5 36. Qd3 Rad8 37. Kg2 Rf8 38. Rxf8+ Kxf8 39.
f4 Bf6 40. Bxd6+ Kg8 41. c5 Qf7 42. Re1 Qa2+ 43. Kh1 Kf7 44. Qxh7 Qf2 45.
Qe4 Kg8 46. Qe6+ Kh8 47. Qe3 Qa2 48. Re2 Qb1+ 49. Kg2 b6 50. cxb6
{Black forfeits on time}
1-0

[Event "ICC tourney 2966 (30 10)"]
[Site "Internet Chess Club"]
[Date "2022.07.23"]
[Round "3"]
[White "RAJ, ADITYA:SunKing007"]
[Black "GRIFFIN, MILES NATHANIEL:Vectarious"]
[Result "1/2-1/2"]
[ICCResult "Game drawn because neither player has mating material"]
[WhiteElo "1583"]
[BlackElo "1648"]
[Opening "King's Indian: Sämisch, 5...O-O"]
[ECO "E81"]
[NIC "KI.54"]
[Time "16:00:24"]
[PlyCount "118"]
[TimeControl "1800+10"]

1. d4 Nf6 2. c4 g6 3. Nc3 Bg7 4. e4 d6 5. f3 O-O 6. Bd3 c5 7. d5 e6 8. Nge2
exd5 9. cxd5 a6 10. a4 Nbd7 11. Bf4 Qe7 12. O-O Nh5 13. Qd2 Nxf4 14. Qxf4
Qe5 15. Qd2 Qh5 16. Ng3 Qh4 17. f4 Bd4+ 18. Kh1 Nf6 19. Qe1 Ng4 20. h3 Ne3
21. Nge2 Nxg2 22. Qxh4 Nxh4 23. Nxd4 cxd4 24. Ne2 Bxh3 25. Rf2 Bg4 26. Nxd4
f5 27. e5 dxe5 28. fxe5 Rfe8 29. Re1 Rad8 30. Bc4 Kg7 31. Ne6+ Rxe6 32. dxe6
Nf3 33. Rc1 Nxe5 34. Bb3 Bf3+ 35. Kg1 Bc6 36. Re2 Nf3+ 37. Kf2 Nd4 38. Rd1
Nxe2 39. Rxd8 Nc1 40. Bc4 b5 41. axb5 axb5 42. Bd5 Nd3+ 43. Ke3 Nb4 44. Bxc6
Nxc6 45. Rd6 Ne7 46. Kf3 Kf6 47. Rb6 g5 48. Rxb5 Kxe6 49. Rb6+ Ke5 50. Rh6
g4+ 51. Kf2 Nd5 52. Rxh7 f4 53. Rh5+ Ke4 54. Rg5 g3+ 55. Rxg3 fxg3+ 56. Kxg3
Kd3 57. Kf3 Kc2 58. Ke4 Nf6+ 59. Kd4 Kxb2
{Game drawn because neither player has mating material}
1/2-1/2

[Event "ICC tourney 2966 (30 10)"]
[Site "Internet Chess Club"]
[Date "2022.07.23"]
[Round "4"]
[White "HUANG, BRIAN:Checkmater2228"]
[Black "ZHANG, ARI:brass60Six"]
[Result "0-1"]
[ICCResult "White checkmated"]
[WhiteElo "803"]
[BlackElo "1289"]
[Opening "Sicilian"]
[ECO "B54"]
[NIC "SI.01"]
[Time "18:00:12"]
[PlyCount "76"]
[TimeControl "1800+10"]

1. e4 c5 2. Nf3 d6 3. d4 cxd4 4. Nxd4 Nc6 5. Bb5 Bd7 6. Nxc6 Bxc6 7. Bxc6+
bxc6 8. O-O Nf6 9. Nc3 e6 10. Bg5 Be7 11. Qd3 h6 12. Bh4 d5 13. e5 Nd7 14.
Bxe7 Qxe7 15. f4 O-O 16. Rae1 Rfe8 17. Ne2 Nc5 18. Qg3 Ne4 19. Qg4 Qc5+ 20.
Kh1 Nf2+ 21. Rxf2 Qxf2 22. Rg1 Qc5 23. f5 exf5 24. Qxf5 Qe7 25. g4 Qxe5 26.
Qxe5 Rxe5 27. Nd4 c5 28. Nf3 Re7 29. g5 hxg5 30. Nxg5 Rae8 31. Kg2 Re2+ 32.
Kg3 R8e3+ 33. Kf4 Re8 34. h4 f6 35. Nh3 R2e4+ 36. Kf5 R8e5+ 37. Kg6 Rxh4 38.
Nf2 Rh6# {White checkmated} 0-1

[Event "ICC tourney 2966 (30 10)"]
[Site "Internet Chess Club"]
[Date "2022.07.23"]
[Round "4"]
[White "Anh, Phuc:Phucanhfananime"]
[Black "RAJ, ADITYA:SunKing007"]
[Result "1-0"]
[ICCResult "Black checkmated"]
[WhiteElo "1712"]
[BlackElo "1583"]
[Opening "Queen's pawn, Mason variation"]
[ECO "D00"]
[NIC "QP.08"]
[Time "18:00:32"]
[PlyCount "81"]
[TimeControl "1800+10"]

1. d4 d5 2. Bf4 Nf6 3. e3 e6 4. Nf3 c6 5. Bd3 Nbd7 6. O-O Be7 7. h3 O-O 8.
c4 b6 9. Nc3 Bb7 10. Rc1 Rc8 11. cxd5 Nxd5 12. Nxd5 cxd5 13. Qa4 a5 14. Qb5
Nf6 15. Rxc8 Bxc8 16. Rc1 Bd6 17. Bxd6 Qxd6 18. Rc6 Qd7 19. Qxb6 Ne4 20. Ne5
Qe8 21. Bxe4 dxe4 22. b3 f6 23. Nc4 Bd7 24. Rc7 a4 25. Qa7 Qb8 26. Rxd7 Qxa7
27. Rxa7 axb3 28. axb3 Rb8 29. Nd6 e5 30. dxe5 fxe5 31. b4 h6 32. b5 Kh7 33.
Rb7 Rd8 34. Nf5 Kg6 35. Nxg7 Rd1+ 36. Kh2 Rd2 37. Kg3 Rb2 38. Ne8 Kg5 39.
h4+ Kf5 40. Rb6 h5 41. Ng7# {Black checkmated} 1-0

[Event "ICC tourney 2966 (30 10)"]
[Site "Internet Chess Club"]
[Date "2022.07.23"]
[Round "4"]
[White "Jiang, Zen:zenjiang"]
[Black "CORBIT, WILL:wcorbit1"]
[Result "0-1"]
[ICCResult "White checkmated"]
[WhiteElo "748"]
[BlackElo "1378"]
[Opening "Sicilian"]
[ECO "B50"]
[NIC "SI.01"]
[Time "18:00:32"]
[PlyCount "88"]
[TimeControl "1800+10"]

1. e4 c5 2. Nf3 d6 3. Nc3 Nc6 4. Bc4 Nf6 5. d3 g6 6. h3 Bg7 7. Be3 O-O 8.
Qd2 a6 9. O-O b5 10. Bb3 Bb7 11. Bh6 Qd7 12. Bxg7 Kxg7 13. a3 Rac8 14. Nd5
Nxd5 15. Bxd5 e6 16. Bb3 a5 17. Ne1 Nd4 18. Ba2 b4 19. c3 b3 20. cxd4 bxa2
21. dxc5 Rxc5 22. Rxa2 d5 23. e5 d4 24. f4 Qd5 25. Ra1 Rfc8 26. Rf3 Qb3 27.
Rg3 Rb5 28. Rb1 Qa2 29. Rc1 Rxb2 30. Qd1 Rd2 31. Ra1 Rxd1 32. Rxa2 Rxe1+ 33.
Kf2 Rec1 34. Rb2 R8c2+ 35. Rxc2 Rxc2+ 36. Kg1 Ra2 37. Kh2 Rxa3 38. h4 Ra1
39. h5 a4 40. hxg6 hxg6 41. Kh3 a3 42. Kh4 a2 43. Kg5 Rh1 44. Rg4 Rh5#
{White checkmated}
0-1

[Event "ICC tourney 2966 (30 10)"]
[Site "Internet Chess Club"]
[Date "2022.07.23"]
[Round "4"]
[White "Wu, Zhuoyuan:Jake000"]
[Black "DATTA, GAURAV D:Geebz76"]
[Result "1/2-1/2"]
[ICCResult "Game drawn by mutual agreement"]
[WhiteElo "1372"]
[BlackElo "1317"]
[Opening "English opening"]
[ECO "A17"]
[NIC "EO.64"]
[Time "18:00:11"]
[PlyCount "96"]
[TimeControl "1800+10"]

1. c4 e6 2. Nc3 Nf6 3. g3 d5 4. Bg2 c6 5. cxd5 cxd5 6. d4 Be7 7. e4 O-O 8.
Be3 Nc6 9. Nge2 Qb6 10. b3 Bb4 11. exd5 Nxd5 12. Rc1 Nxc3 13. Nxc3 Qa5 14.
Qc2 Rd8 15. Bxc6 bxc6 16. O-O Bb7 17. Ne4 Qf5 18. Nc5 Qxc2 19. Rxc2 Bxc5 20.
dxc5 Rd5 21. Rfc1 Rad8 22. Kf1 Ba6+ 23. Ke1 Bd3 24. Rd2 Be4 25. Rxd5 exd5
26. Bd4 Re8 27. Kd2 Bf3 28. Re1 Rxe1 29. Kxe1 f6 30. Kd2 Kf7 31. a4 a6 32.
b4 Ke7 33. Kc3 Be2 34. Kd2 Bc4 35. Ke3 Ke6 36. g4 g6 37. f4 h5 38. h3 hxg4
39. hxg4 Bb3 40. a5 Bc4 41. g5 fxg5 42. fxg5 Kf5 43. Bf6 Kg4 44. Kd4 Bb5 45.
Ke5 Kf3 46. Kd4 Kf4 47. Bd8 Ba4 48. Bf6 Bb5 {Game drawn by mutual agreement}
1/2-1/2

[Event "ICC tourney 2966 (30 10)"]
[Site "Internet Chess Club"]
[Date "2022.07.23"]
[Round "4"]
[White "ZHAO, DANSON:K01-30127679"]
[Black "SHAH-GUSTAFSSON, LINNEA:Saga44"]
[Result "1-0"]
[ICCResult "Black resigns"]
[WhiteElo "1273"]
[BlackElo "1067"]
[Opening "Petrov: French attack"]
[ECO "C42"]
[NIC "RG.03"]
[Time "18:00:33"]
[PlyCount "81"]
[TimeControl "1800+10"]

1. e4 e5 2. Nf3 Nf6 3. Nxe5 d6 4. Nf3 Nxe4 5. d3 Nf6 6. Nc3 Nc6 7. d4 d5 8.
Be3 Bb4 9. Bd3 Bg4 10. h3 Bh5 11. a3 Ba5 12. O-O O-O 13. Be2 Re8 14. Bg5 Qd6
15. Nb5 Qe6 16. b4 Bb6 17. Re1 a6 18. Bd3 Bxf3 19. Qxf3 Qxe1+ 20. Rxe1 Rxe1+
21. Kh2 axb5 22. Bxf6 gxf6 23. Qg4+ Kf8 24. Bxh7 Ke7 25. h4 Bxd4 26. h5 Rxa3
27. h6 Raa1 28. Qg7 Bxf2 29. Kh3 Rh1+ 30. Kg4 Ne5+ 31. Kf4 Rh4+ 32. Kf5 Be3
33. Qxf6+ Kd7 34. Qxh4 Rf1+ 35. Kxe5 f6+ 36. Kxd5 c6+ 37. Ke4 Rf4+ 38. Qxf4
Bxf4 39. Kxf4 Ke7 40. Bg6 f5 41. h7 {Black resigns} 1-0

[Event "ICC tourney 2966 (30 10)"]
[Site "Internet Chess Club"]
[Date "2022.07.23"]
[Round "4"]
[White "MADALA, MANASVI:Manasvimadala"]
[Black "QIAO, RICHARDSON JINGSI:Richardsonqiao"]
[Result "0-1"]
[ICCResult "White checkmated"]
[WhiteElo "691"]
[BlackElo "1269"]
[Opening "Queen's pawn: London system"]
[ECO "A45"]
[NIC "QP.07"]
[Time "18:00:33"]
[PlyCount "68"]
[TimeControl "1800+10"]

1. d4 Nf6 2. Bf4 e6 3. e3 b6 4. Bd3 Bb7 5. Nf3 Be7 6. Nbd2 d6 7. h3 Nbd7 8.
O-O O-O 9. c3 h6 10. Re1 c5 11. a3 Rc8 12. Qa4 a6 13. e4 b5 14. Qd1 Qc7 15.
e5 dxe5 16. Nxe5 Nxe5 17. Bxe5 Qd7 18. Bxf6 Bxf6 19. Be4 cxd4 20. Bxb7 Qxb7
21. cxd4 Bxd4 22. Rb1 Qb6 23. Qf3 Rc2 24. Nb3 Rxf2 25. Nxd4 Rxf3 26. gxf3
Qxd4+ 27. Kg2 Rc8 28. Kg3 Rc2 29. Re4 Qf2+ 30. Kf4 Qh2+ 31. Kg4 f5+ 32. Kh5
fxe4 33. fxe4 Qxh3+ 34. Kg6 Qg4# {White checkmated} 0-1

[Event "ICC tourney 2966 (30 10)"]
[Site "Internet Chess Club"]
[Date "2022.07.23"]
[Round "4"]
[White "MALAKAR, SAARTHAK:iamvoltu"]
[Black "WU, DARREN:chessboy111"]
[Result "1-0"]
[ICCResult "Black resigns"]
[WhiteElo "1631"]
[BlackElo "1246"]
[Opening "Queen's bishop game"]
[ECO "D02"]
[NIC "QP.08"]
[Time "18:00:30"]
[PlyCount "71"]
[TimeControl "1800+10"]

1. d4 d5 2. Nf3 Nf6 3. Bf4 c5 4. e3 Nc6 5. Bd3 Bg4 6. c3 e6 7. Nbd2 Bd6 8.
Bxd6 Qxd6 9. h3 Bf5 10. Qc2 Bxd3 11. Qxd3 O-O 12. O-O e5 13. dxe5 Nxe5 14.
Nxe5 Qxe5 15. Nf3 Qe4 16. Qb5 Qe7 17. Rfd1 Rad8 18. Rac1 a6 19. Qb3 Rd6 20.
c4 Rfd8 21. cxd5 Rxd5 22. Rxd5 Rxd5 23. a4 Qd7 24. Qc2 b5 25. e4 Rh5 26. e5
Ne8 27. axb5 Qxb5 28. Qxc5 Qxb2 29. Re1 Qb5 30. Qe7 a5 31. e6 fxe6 32. Qxe6+
Kf8 33. Qe7+ Kg8 34. Qxe8+ Qxe8 35. Rxe8+ Kf7 36. Ra8 {Black resigns} 1-0

[Event "ICC tourney 2966 (30 10)"]
[Site "Internet Chess Club"]
[Date "2022.07.23"]
[Round "4"]
[White "GRIFFIN, MILES NATHANIEL:Vectarious"]
[Black "Anthony, Joseph:ajk170378"]
[Result "1/2-1/2"]
[ICCResult "Game drawn by mutual agreement"]
[WhiteElo "1648"]
[BlackElo "1599"]
[Opening "Sicilian: closed"]
[ECO "B23"]
[NIC "SI.44"]
[Time "18:00:13"]
[PlyCount "84"]
[TimeControl "1800+10"]

1. e4 c5 2. Nc3 e6 3. g3 a6 4. Bg2 Nc6 5. d3 Nge7 6. Nf3 d5 7. O-O g6 8. Re1
d4 9. Nb1 Bg7 10. Nbd2 O-O 11. a4 Qc7 12. Nc4 Na5 13. Bf4 Qd8 14. Nd6 e5 15.
Nxc8 Rxc8 16. Bxe5 Bxe5 17. Nxe5 Nec6 18. Nxc6 Nxc6 19. f4 Re8 20. e5 Nb4
21. Bxb7 Rc7 22. Bg2 c4 23. Be4 cxd3 24. Bxd3 Qd7 25. Qd2 Nxd3 26. cxd3 Rec8
27. Rec1 Rxc1+ 28. Rxc1 Rxc1+ 29. Qxc1 Qxa4 30. Kg2 Qb3 31. Qd2 Qd5+ 32. Kg1
a5 33. Qg2 Qa2 34. Qc2 a4 35. g4 a3 36. Qc8+ Kg7 37. bxa3 Qb1+ 38. Kg2 Qxd3
39. Qc6 Qe2+ 40. Kg3 Qe1+ 41. Kg2 Qe2+ 42. Kg3 Qe1+
{Game drawn by mutual agreement}
1/2-1/2